[Event "Early-Titled-Tuesday-Blitz-October-24-2023"]
[Site "Chess.com"]
[Date "2023.10.24"]
[Round "10"]
[White "GroovyKettle"]
[Black "Duhless"]
[Result "0-1"]
[WhiteElo "3008"]
[BlackElo "3097"]
[TimeControl "180+1"]
[EndTime "9:53:41 PDT"]
[Termination "Duhless won on time"]

1. e4 c5 2. Nf3 e6 3. c3 d5 4. exd5 exd5 5. d4 Nc6 6. Bb5 Bd6 7.
dxc5 Bxc5 8. O-O Ne7 9. Re1 O-O 10. Nbd2 Nf5 11. Bd3 h6 12. Nb3 Bb6 13. Qc2 Qf6 14. Bd2 Nh4 15. Be2 Bf5 16. Qd1 Rae8 17. Bf4 Bg4 18. Bg3 Rxe2 19. Qxe2 Nxf3+ 20. gxf3 Bxf3 21. Qd3 Be4 22. Qe2 Ne5 23. Nd2 Nf3+ 24. Nxf3 Bxf3 25. Qe5 Qg6 26. Qf4 Be4 27. Rad1 h5 28. h4 Rc8 29. Kh2 Kh7 30. Qg5 Qxg5 31. hxg5 Kg6 32. Rd2 Kxg5 33.
Be5 f6 34. Rg1+ Kf5 35. Bd4 Bc7+ 36. Kh3 g5 37. Rf1 Bf3 38. Re1 Bf4 39. Be3 Be5 40. Rd3 g4+ 41. Kh4 Be4 42. Rdd1 a6 43. Bd2 Rg8 44. Rg1 Bf3 45. Rde1 b5 46. Be3 Be4 47. Rd1 Ke6 48. Rde1 f5 49. Bg5 f4 50. f3 gxf3 51.
Kxh5 Kf5 52. Bh6 Rxg1 53. Rxg1 Bd3 54. Rg5+ Ke4 0-1

[Event "Early-Titled-Tuesday-Blitz-October-24-2023"]
[Site "Chess.com"]
[Date "2023.10.24"]
[Round "10"]
[White "abhidabhi"]
[Black "Sokoloco"]
[Result "1-0"]
[WhiteElo "2912"]
[BlackElo "2757"]
[TimeControl "180+1"]
[EndTime "9:53:42 PDT"]
[Termination "abhidabhi won on time"]

1. b3 d6 2. Bb2 Nf6 3. Nf3 e5 4. c4 Be7 5. Nc3 Nc6 6. d4 O-O 7. e3 exd4 8. Nxd4 Bg4 9. Nxc6 bxc6 10. Be2 Bxe2 11. Qxe2 Qd7 12. O-O Qe6 13. Qf3 c5 14. Ne2 Qe4 15. Ng3 Qxf3 16. gxf3 Nd7 17. Kg2 Bf6 18.
Bxf6 Nxf6 19. f4 a5 20. Kf3 a4 21. Rab1 axb3 22. axb3 Rfb8 23. Ra1 Kf8 24. Rxa8 Rxa8 25.
Rb1 g6 26. b4 Rb8 27. b5 Nd7 28. Ke2 Ra8 29. Rb2 Nb6 30. Rc2 Ra4 31. Kd3 Ra3+ 32.
Kd2 Ra4 33. Kd3 Ra3+ 34. Rc3 Ra2 35. Ne4 Ke7 36. Nd2 Ke6 37. Rc1 Kf5 38. h3 h5 39.
Rg1 Ke6 40. Rg5 Ra3+ 41. Kc2 Ra2+ 42. Kc3 Na4+ 43. Kd3 Nb2+ 44. Ke4 Nd1 45. Nb3 Nxf2+ 46. Kf3 Nxh3 47. Rg2 Ra3 48. Nd2 Kf5 49. Ne4 Nxf4 50. Rg5+ Ke6 51. Kxf4 Ra4 52. Rxc5 f5 53. Ng5+ Kd7 54.
Rc6 h4 55. e4 fxe4 56. Nxe4 h3 57. Kg3 Ra3+ 58. Kh2 Rf3 59. c5 dxc5 60. Nxc5+ Kc8 61. b6 Rf7 62. b7+ Kb8 63. Ra6 c6 64. Ra8+ 1-0

[Event "Early-Titled-Tuesday-Blitz-October-24-2023"]
[Site "Chess.com"]
[Date "2023.10.24"]
[Round "10"]
[White "Oleksandr_Bortnyk"]
[Black "mind1mover"]
[Result "0-1"]
[WhiteElo "3009"]
[BlackElo "2823"]
[TimeControl "180+1"]
[EndTime "9:53:42 PDT"]
[Termination "mind1mover won by checkmate"]

1. d4 d6 2. Nc3 Nf6 3. Bf4 Nc6 4. d5 e5 5. dxc6 exf4 6. cxb7 Bxb7 7. Qd4 g6 8. Qxf4 Bg7 9. Nf3 O-O 10. e3 Rb8 11. Nd2 c5 12. O-O-O d5 13. Nb3 Qe7 14. Qa4 d4 15. exd4 Ng4 16. dxc5 Nxf2 17. Bc4 Nxh1 18. Rxh1 Bxg2 19. Rd1 Bf3 20. Rf1 Bg2 21. Rd1 Rbd8 22.
Bd3 Bf3 23. Rf1 Qg5+ 24. Kb1 Qg2 25. Qc4 a5 26. a4 Bxc3 27. Qxc3 Rxd3 28. Qxd3 Be2 29.
Qd7 Qxf1+ 30. Ka2 Bc4 31. c6 Bxb3+ 32. cxb3 Qf5 33. Qb7 Rc8 34. h4 Qe6 35. Qb5 Rxc6 36. Qxa5 h5 37. Qb4 Qd6 38. Qb5 Rb6 39. Qe8+ Kg7 40.
a5 Ra6 41. Qa4 Qc6 42. Qd4+ Qf6 43. Qa4 Qe6 44. Qb5 Ra8 45. Ka3 Qd6+ 46. b4 Qa6 47.
Qd5 Ra7 48. b3 Qf6 49. Ka4 Qa1+ 50. Kb5 Qf1+ 51. Ka4 Qa1+ 52. Kb5 Qf1+ 53. Kc5 Rc7+ 54.
Kb6 Re7 55. Qd4+ Kh7 56. b5 Re6+ 57. Kc5 Qc1+ 58. Kb4 Qe1+ 59. Kc5 Qxa5 60. Qd7 Qc3+ 61. Kd5 Re5+ 62. Kd6 Qc5# 0-1

[Event "Early-Titled-Tuesday-Blitz-October-24-2023"]
[Site "Chess.com"]
[Date "2023.10.24"]
[Round "10"]
[White "vladgoncharov"]
[Black "EvgenyBurmakin"]
[Result "0-1"]
[WhiteElo "2567"]
[BlackElo "2381"]
[TimeControl "180+1"]
[EndTime "9:53:42 PDT"]
[Termination "EvgenyBurmakin won by resignation"]

1. d4 Nf6 2. c4 g6 3. Nc3 Bg7 4. Nf3 O-O 5. Bg5 d6 6. e3 c5 7.
d5 h6 8. Bh4 e6 9. Be2 Na6 10.
O-O Nc7 11. e4 exd5 12. exd5 Bf5 13. Nd2 g5 14. Bg3 Re8 15. Re1 Qd7 16. Qa4 Qxa4 17. Nxa4 Bf8 18. Nxc5 Ncxd5 19. cxd5 dxc5 20. Bf3 Red8 21.
Nc4 g4 22. Bh4 Bg7 23. Bxf6 Bxf6 24. Be4 Bxe4 25. Rxe4 Rxd5 26. Rxg4+ Kf8 27. Rb1 Rad8 28. h4 Rd1+ 29. Rxd1 Rxd1+ 30. Kh2 b5 31. Ne3 Rd2 32. a4 a6 33. axb5 axb5 34. b3 Rxf2 35. Re4 Re2 36. Kg3 Bd4 37. Kf3 Rxe3+ 38. Rxe3 Bxe3 39. Kxe3 Ke7 40. Ke4 Ke6 41. g4 Kf6 42. Kd5 c4 43. bxc4 bxc4 44. Kd4 Ke6 45. Kxc4 Ke5 46. Kd3 Kf4 47.
g5 hxg5 48. h5 Kf5 49. Ke3 g4 50. h6 Kg6 51. Kf4 Kxh6 52. Kxg4 Kg6 53. Kf4 Kf6 54. Ke4 Kg5 55. Kf3 Kf5 56. Kg3 Ke4 57. Kg2 Kf4 58. Kf2 f6 59. Kg2 Ke3 60. Kg3 f5 61. Kg2 f4 62.
Kg1 Kf3 63. Kf1 Kg3 64. Kg1 f3 65. Kh1 Kf2 66. Kh2 Ke2 67. Kg3 f2 0-1

[Event "Early-Titled-Tuesday-Blitz-October-24-2023"]
[Site "Chess.com"]
[Date "2023.10.24"]
[Round "10"]
[White "Rodalquilar"]
[Black "masterofpuppets2"]
[Result "1-0"]
[WhiteElo "2740"]
[BlackElo "2544"]
[TimeControl "180+1"]
[EndTime "9:53:44 PDT"]
[Termination "Rodalquilar won by resignation"]

1. d4 Nf6 2. Nf3 g6 3. Bf4 Bg7 4. e3 d6 5. Be2 O-O 6. O-O Nc6 7. c3 Nd7 8. e4 e5 9. Bg5 f6 10. Bh4 Qe8 11. Re1 Nd8 12. Na3 a6 13. Nc4 Ne6 14. Ne3 f5 15. exf5 gxf5 16. dxe5 dxe5 17. Bc4 Kh8 18.
Nd5 e4 19. Ng5 Nxg5 20. Bxg5 Ne5 21. Be2 Qf7 22. Bh5 Qd7 23. Nf4 Qc6 24. Qb3 b5 25.
Rad1 Bh6 26. Be7 Rg8 27. Qxg8+ Kxg8 28. Rd8+ Kg7 29. Bf8+ Kf6 30. Bxh6 Be6 31. Red1 Nd3 32. Rxa8 Qxa8 33. Nxd3 exd3 34. Rxd3 Bf7 35. Bf3 Qg8 36.
h4 Bc4 37. Bg5+ Kg6 38. Rd7 Be6 39. Rxc7 Qb8 40. Bf4 Qd8 41. h5+ Kf6 42. Rxh7 Bd5 43. Rh6+ Kg7 44. Rd6 Qe8 45. h6+ Kh7 46. Rxd5 Qe1+ 47.
Kh2 Qxf2 48. Rd7+ Kg6 49. Rg7+ Kf6 50. Bg5+ Ke6 51. Re7+ Kd6 52. h7 f4 53. h8=Q Qxf3 54. gxf3 1-0

[Event "Early-Titled-Tuesday-Blitz-October-24-2023"]
[Site "Chess.com"]
[Date "2023.10.24"]
[Round "10"]
[White "alexrustemov"]
[Black "sergeikim"]
[Result "1-0"]
[WhiteElo "2780"]
[BlackElo "2607"]
[TimeControl "180+1"]
[EndTime "9:53:45 PDT"]
[Termination "alexrustemov won on time"]

1. d4 Nf6 2. c4 g6 3. Nf3 d6 4. g3 Bg7 5. Bg2 O-O 6. Nc3 Nbd7 7. O-O e5 8. e4 exd4 9. Nxd4 Re8 10. h3 Nc5 11. Re1 c6 12. Bf4 Nh5 13. Be3 a5 14. Qc2 a4 15. Rad1 Qa5 16. b3 Nf6 17. Bf4 Bf8 18. Bd2 Qb6 19. Be3 Qa5 20. Rb1 axb3 21.
axb3 Qc7 22. b4 Ne6 23. Red1 Bg7 24. Qd2 Nd7 25. f4 Ra3 26. Ncb5 cxb5 27. Nxb5 Qxc4 28. Nxa3 Qa6 29. Qd3 Qa4 30. Nc4 Ndf8 31. Nxd6 Rd8 32. e5 Bd7 33. Nxb7 Bb5 34. Nxd8 Bxd3 35. Rxd3 Qc2 36.
Rbd1 Qb2 37. Nc6 h5 38. R1d2 Qb1+ 39. Kh2 h4 40. gxh4 Qe1 41. Bf2 Qb1 42. Bg3 Bh6 43. Rf2 Qxd3 44. f5 gxf5 45. Ne7+ Kh8 46. Nxf5 Bg7 47. Nd6 Ng6 48. Nxf7+ Kg8 49. h5 Ne7 50. h6 Bf8 51. Rf6 Nf5 52. Bf2 Nf4 53. h7+ Kxh7 54. Ng5+ Kg8 55. Ne6 1-0

[Event "Early-Titled-Tuesday-Blitz-October-24-2023"]
[Site "Chess.com"]
[Date "2023.10.24"]
[Round "10"]
[White "diamonds13"]
[Black "Juicy_Fork"]
[Result "1-0"]
[WhiteElo "2328"]
[BlackElo "2435"]
[TimeControl "180+1"]
[EndTime "9:53:46 PDT"]
[Termination "diamonds13 won by checkmate"]

1. d4 Nf6 2. c4 g6 3. Nc3 Bg7 4.
e4 d6 5. Bd3 O-O 6. Nge2 c5 7. d5 e6 8. h3 exd5 9. exd5 Nbd7 10.
f4 Re8 11. O-O a6 12. a4 h5 13. Bd2 h4 14. Qc2 Nh5 15. Ne4 Nf8 16. Ng5 Rxe2 17. Bxe2 Ng3 18. Bg4 Bxg4 19. hxg4 Nxf1 20. Rxf1 Qf6 21.
Bc3 Qe7 22. Bxg7 Kxg7 23. Qf2 Nh7 24. Nf3 Nf6 25. Re1 Qd7 26. g5 Nh5 27. Nxh4 Re8 28. f5 Rxe1+ 29. Qxe1 Qxa4 30. f6+ Kg8 31. Qe7 Qa1+ 32.
Kh2 Ng7 33. Qd8+ Kh7 34. fxg7 Kxg7 35. Qf6+ Kg8 36. Qd8+ Kg7 37. Qxd6 Qxb2 38. Nf3 Qc3 39. Qe5+ Qxe5+ 40. Nxe5 a5 41. Nd3 a4 42. Nxc5 a3 43.
Nb3 Kf8 44. c5 Ke7 45. d6+ Kd7 46. Kg3 Kc6 47. Kf4 b6 48. cxb6 Kxd6 49. Ke4 Kc6 50. Ke5 Kxb6 51. Kf6 Kb5 52. Na1 Kb4 53. Nc2+ Kb3 54.
Nxa3 Kxa3 55. Kxf7 Kb3 56. Kxg6 Kc3 57. Kf6 Kd3 58.
g6 Ke3 59. g7 Kf2 60. g8=Q Kg1 61. g4 Kh2 62. g5 Kh1 63. g6 Kg1 64. g7 Kh1 65.
Qh7+ Kg1 66. g8=Q+ Kf2 67. Qh3 Ke1 68. Qgg2 Kd1 69.
Qhh1# 1-0

[Event "Early-Titled-Tuesday-Blitz-October-24-2023"]
[Site "Chess.com"]
[Date "2023.10.24"]
[Round "10"]
[White "carloseduar100"]
[Black "RNG2200"]
[Result "0-1"]
[WhiteElo "2281"]
[BlackElo "2164"]
[TimeControl "180+1"]
[EndTime "9:53:46 PDT"]
[Termination "RNG2200 won on time"]

1. g3 d5 2. Bg2 c6 3. Nf3 Bf5 4. O-O e6 5. d3 Nf6 6. Nbd2 Nbd7 7. Re1 Be7 8. e4 dxe4 9. dxe4 Bg6 10. c3 Nc5 11. e5 Ng4 12. Nc4 Qxd1 13. Rxd1 Nd3 14.
Nd6+ Bxd6 15. exd6 Ngxf2 16. Rf1 Nxc1 17. Raxc1 Nd3 18.
Rc2 O-O 19. Rd2 Rad8 20. Rfd1 Nc5 21. Ne5 Nd7 22. Nc4 Bh5 23. Re1 Nb6 24. Na5 Rd7 25.
c4 Rfd8 26. c5 Nd5 27. a3 Kf8 28. b4 a6 29. Re4 Bg6 30. Re1 Nc3 31. Bf3 Nb5 32.
Re3 Bf5 33. Nc4 f6 34. Nb6 Rf7 35. a4 Na7 36. d7 Ke7 37. g4 Bg6 38. h4 e5 39. Bd5 Rff8 40. Bc4 Bf7 41. Bxf7 Rxf7 42. Red3 Ke6 43. Rd6+ Ke7 44. b5 axb5 45. axb5 Nxb5 46. Nc8+ Kf8 47. R6d4 Nc7 48. Rd6 Nd5 49. Nb6 Nxb6 50. cxb6 Ke7 51. g5 Rff8 52. Kg2 fxg5 53. hxg5 h6 0-1

[Event "Early-Titled-Tuesday-Blitz-October-24-2023"]
[Site "Chess.com"]
[Date "2023.10.24"]
[Round "10"]
[White "GHANDEEVAM2003"]
[Black "nihalsarin"]
[Result "1/2-1/2"]
[WhiteElo "3043"]
[BlackElo "3124"]
[TimeControl "180+1"]
[EndTime "9:53:48 PDT"]
[Termination "Game drawn by repetition"]

1. c4 a6 2. Nc3 e6 3. d4 d5 4. cxd5 exd5 5. Bf4 Nf6 6. e3 Bf5 7. Bd3 Bxd3 8. Qxd3 Be7 9. h3 O-O 10. Nf3 Nbd7 11. g4 c6 12. O-O-O Re8 13. Ne5 Bb4 14. Kb1 Nxe5 15. Bxe5 Bxc3 16. Qxc3 Ne4 17. Qc2 Nd6 18.
h4 Nc4 19. Bf4 a5 20. h5 Ra6 21. Ka1 a4 22. g5 Re6 23. Rhe1 Qa5 24. e4 Rb6 25.
Bc1 Qb5 26. e5 c5 27. dxc5 Rbc6 28. Rxd5 Rxc5 29. Rd8+ Re8 30. Red1 Rxe5 31. f4 Re7 32. g6 fxg6 33. hxg6 hxg6 34. Qxg6 Qc6 35. Qh5 a3 36.
bxa3 Ne3 37. Rxe8+ Rxe8 38. Bxe3 Qc3+ 39. Kb1 Qxe3 40.
Qd5+ Re6 41. f5 Qe4+ 42. Qxe4 Rxe4 43. Rd7 Re5 44. Rxb7 Rxf5 45. a4 Ra5 46. Rb4 Kf7 47.
Kb2 Ke6 48. Kb3 Kd6 49. Rb5 Ra7 50. Rg5 Kc6 51. a5 Rc7 52. Kb4 Kb7 53. Kb5 Ka7 54. a6 Re7 55. a4 Rf7 56. Ka5 Re7 57. Kb5 Rf7 58. Ka5 Re7 59. Kb5 1/2-1/2

[Event "Early-Titled-Tuesday-Blitz-October-24-2023"]
[Site "Chess.com"]
[Date "2023.10.24"]
[Round "10"]
[White "Ginzburg_Yakov"]
[Black "Cambek64"]
[Result "1-0"]
[WhiteElo "2594"]
[BlackElo "2453"]
[TimeControl "180+1"]
[EndTime "9:53:48 PDT"]
[Termination "Ginzburg_Yakov won by checkmate"]

1. d4 d6 2. e4 Nf6 3. Nc3 e5 4. Nf3 Nbd7 5. Bc4 Be7 6. g4 O-O 7. g5 Ne8 8. Rg1 g6 9. Be3 c6 10. a4 b6 11. h4 Bb7 12. h5 a6 13. hxg6 hxg6 14. Nh4 b5 15. Bb3 Kg7 16. Nf5+ gxf5 17.
exf5 Rh8 18. f6+ Kf8 19. dxe5 dxe5 20. fxe7+ Qxe7 21. Ne4 c5 22. Bd5 Bxd5 23. Qxd5 Rc8 24. axb5 axb5 25. Ra7 Rc7 26. Ra8 Kg7 27. Nf6 Nb6 28.
Nxe8+ Rxe8 29. Rxe8 Qxe8 30. Qd6 Rc6 31. Qd3 Nc4 32. Rh1 Rg6 33. Qf5 Nxe3 34. Qh3 Kf8 35. Qxe3 Qc6 36. Rh8+ Ke7 37. Rb8 b4 38. Qe2 Qd5 39. Qe3 Rd6 40. f4 Qd1+ 41. Kf2 Rd2+ 42. Kg3 Re2 43. Qxc5+ Ke6 44. Rb6+ Kf5 45. Rf6+ Ke4 46.
Qxe5# 1-0

[Event "Early-Titled-Tuesday-Blitz-October-24-2023"]
[Site "Chess.com"]
[Date "2023.10.24"]
[Round "10"]
[White "HajiyevKanan"]
[Black "Chessbard1972"]
[Result "1/2-1/2"]
[WhiteElo "2535"]
[BlackElo "2349"]
[TimeControl "180+1"]
[EndTime "9:53:48 PDT"]
[Termination "Game drawn - insufficient material"]

1. d4 Nf6 2. Nf3 g6 3. c4 Bg7 4. g3 O-O 5. Bg2 d5 6. O-O Nc6 7. c5 Ne4 8. Nc3 Bg4 9. e3 Qd7 10. Qb3 Nxc3 11. bxc3 Rab8 12. Ba3 Rfe8 13. Nd2 Red8 14.
Rfe1 e5 15. Nf3 b6 16. cxb6 axb6 17. Bb4 Ra8 18. a4 e4 19. Nd2 Na5 20. Bxa5 Rxa5 21. c4 Be6 22. Qc2 f5 23. Rec1 c5 24. cxd5 Bxd5 25.
Nb3 Raa8 26. Bf1 Qf7 27. Bc4 Bxc4 28. Qxc4 cxd4 29. Nxd4 Qxc4 30. Rxc4 b5 31. Rb4 bxa4 32. Raxa4 Rxa4 33. Rxa4 Bxd4 34. exd4 Rd7 35. f3 Re7 36. Kf2 Kf7 37. Ra6 exf3 38. Kxf3 Rb7 39. Ra3 Ke6 40. Kf4 Rb2 41. h4 Rd2 42. Kg5 Rxd4 43. Kh6 Rg4 44.
Kxh7 Ke5 45. Kh6 Ke4 46. Ra4+ Kf3 47. Rxg4 Kxg4 48. Kxg6 Kxg3 49. h5 f4 50. h6 f3 51. h7 f2 52. h8=Q f1=Q 53. Qc3+ Kg2 54. Qd2+ Kg1 55. Kh5 Qf5+ 56. Kh4 Qh7+ 57. Kg3 Qg6+ 58.
Kf3 Qf5+ 59. Kg3 Qe5+ 60. Kh3 Qh5+ 61. Kg3 Qe5+ 62. Kf3 Qf5+ 63. Ke2 Qg4+ 64. Ke3 Qg3+ 65.
Ke4 Qg2+ 66. Ke3 Qxd2+ 67. Kxd2 1/2-1/2

[Event "Early-Titled-Tuesday-Blitz-October-24-2023"]
[Site "Chess.com"]
[Date "2023.10.24"]
[Round "10"]
[White "wanyaland"]
[Black "Keeper0416"]
[Result "1/2-1/2"]
[WhiteElo "2461"]
[BlackElo "2570"]
[TimeControl "180+1"]
[EndTime "9:53:49 PDT"]
[Termination "Game drawn by repetition"]

1. d4 Nf6 2. c4 g6 3. Nc3 Bg7 4.
e4 d6 5. f3 O-O 6. Nge2 c5 7.
Be3 cxd4 8. Nxd4 Nc6 9. Qd2 Bd7 10. Rc1 Nxd4 11. Bxd4 Bc6 12. Be2 a5 13. O-O a4 14.
Rfd1 Qa5 15. Bf1 Nd7 16. Be3 Rfc8 17. Rc2 Be5 18. Rdc1 e6 19. f4 Bxc3 20. Rxc3 Nf6 21.
Qxd6 Nxe4 22. Qe7 Nxc3 23. Rxc3 Rd8 24. Qf6 Qf5 25. Bd4 Qxf6 26. Bxf6 Rd1 27. Rc2 h6 28. Kf2 Rc8 29. Be2 Rd7 30. b3 axb3 31. axb3 Ra8 32. b4 Be4 33. Rb2 Ra3 34. c5 Rd5 35. Bc4 Rd1 36.
Be2 Rd5 37. Bc4 Rf5 38. Be5 h5 39. Rd2 g5 40. g3 h4 41. Rd8+ Kh7 42. Rd7 Kg6 43. Rd8 f6 44. Bd6 gxf4 45. gxf4 Rxf4+ 46. Bxf4 Rf3+ 47. Ke2 Rxf4 48. Ke3 e5 49. Be2 Bh1 50. b5 Rb4 51. Rd6 Kf5 52. c6 bxc6 53. bxc6 Rb3+ 54. Kf2 Rc3 55. Bb5 e4 56. Ke2 Rc5 57. Ke3 Rxb5 58. c7 Rc5 59. Rd5+ Rxd5 60. c8=Q+ Ke5 61. Qc3+ Kf5 62. Qc8+ Ke5 63. Qe8+ Kf5 64.
Qc8+ 1/2-1/2

[Event "Early-Titled-Tuesday-Blitz-October-24-2023"]
[Site "Chess.com"]
[Date "2023.10.24"]
[Round "10"]
[White "publicaccountcze"]
[Black "tarno17"]
[Result "1/2-1/2"]
[WhiteElo "2296"]
[BlackElo "2134"]
[TimeControl "180+1"]
[EndTime "9:53:49 PDT"]
[Termination "Game drawn - insufficient material"]

1. e4 c5 2. Nc3 a6 3. f4 b5 4. Nf3 b4 5. Nb1 Bb7 6. d3 d5 7. Nbd2 dxe4 8. Nxe4 e6 9. Be3 Nd7 10. Ned2 Nb6 11. g3 Nf6 12. Bg2 Ng4 13. Bg1 Be7 14. h3 Nf6 15. Bf2 O-O 16. O-O Nfd5 17. Qe2 Rc8 18.
Rfd1 Na4 19. Nc4 Bf6 20. Rab1 a5 21. Nfe5 Ba6 22. Kh2 Qc7 23. Re1 Rfd8 24. Qh5 g6 25. Qe2 Bg7 26. h4 h5 27. Nxg6 fxg6 28. Qxe6+ Qf7 29.
Qxa6 Nf6 30. Qe6 Ng4+ 31. Kg1 Qxe6 32. Rxe6 Nxf2 33. Kxf2 Re8 34. Rxe8+ Rxe8 35. Be4 Bd4+ 36. Kf3 Kg7 37. g4 hxg4+ 38. Kxg4 Kf6 39. h5 gxh5+ 40. Kxh5 Rg8 41. Nxa5 Nb6 42. Nb3 Nd7 43. Nxd4 cxd4 44. a3 Nf8 45. axb4 Ne6 46. b5 Nxf4+ 47. Kh4 Ne2 48. b6 Ke5 49. b7 Kf4 50. Kh5 Ng3+ 51. Kh6 Nxe4 52. dxe4 Kxe4 53. Ra1 Rb8 54. Ra7 Ke3 55.
Kg5 Kd2 56. Ra4 Kxc2 57. Rxd4 Rxb7 58. b4 Kc3 59. Rg4 Rxb4 60. Rxb4 Kxb4 1/2-1/2

[Event "Early-Titled-Tuesday-Blitz-October-24-2023"]
[Site "Chess.com"]
[Date "2023.10.24"]
[Round "10"]
[White "Orujov2008"]
[Black "Meri-Arabidze"]
[Result "0-1"]
[WhiteElo "2731"]
[BlackElo "2614"]
[TimeControl "180+1"]
[EndTime "9:53:52 PDT"]
[Termination "Meri-Arabidze won by resignation"]

1. e4 c5 2. Nf3 e6 3. d4 cxd4 4. Nxd4 Nc6 5. Nc3 Qc7 6. f4 a6 7. Nxc6 Qxc6 8. Bd3 b5 9. Qe2 Bb7 10. Bd2 Rc8 11. a3 Nf6 12. O-O-O b4 13. axb4 Bxb4 14. Nd5 Bxd2+ 15. Rxd2 Nxd5 16. exd5 Qxd5 17. Kb1 Qa5 18. f5 Bd5 19. c4 Bc6 20. Rf1 O-O 21. f6 Qg5 22.
fxg7 Rfe8 23. Qf2 f5 24. h3 Rb8 25. g4 f4 26. Be2 e5 27. Bd1 Qxg7 28. Re1 Rf8 29.
Bc2 f3 30. Bf5 a5 31. Qc5 a4 32. Qxe5 Qxe5 33. Rxe5 a3 34. Re7 h6 35. Re1 axb2 36.
Rxb2 Rxb2+ 37. Kxb2 Kg7 38. Rf1 Kf6 39. Bxd7 Bxd7 40. Rxf3+ Kg7 41. Rxf8 Kxf8 42. Kc3 Kg7 43. Kd3 Kf6 44. Ke3 Kg5 45. Kf3 Kh4 46. Kf4 Bc6 47. c5 Bg2 48. Kf5 Bxh3 49. c6 Bxg4+ 50. Kf6 h5 51.
Kg6 Bh3 52. Kf6 Bc8 53. Ke5 Kg4 54. Kd6 h4 55. Kc7 Bf5 56. Kb6 h3 57. Kc5 h2 58.
c7 h1=Q 59. c8=Q Qc1+ 0-1

[Event "Early-Titled-Tuesday-Blitz-October-24-2023"]
[Site "Chess.com"]
[Date "2023.10.24"]
[Round "10"]
[White "dosto07"]
[Black "vovachesss"]
[Result "1/2-1/2"]
[WhiteElo "2500"]
[BlackElo "2756"]
[TimeControl "180+1"]
[EndTime "9:53:53 PDT"]
[Termination "Game drawn by stalemate"]

1. e4 e5 2. Nf3 Nc6 3. Bb5 a6 4. Bxc6 dxc6 5. O-O Qf6 6. d4 exd4 7. Bg5 Qg6 8. Qxd4 Bd7 9. Rd1 Qd6 10. Bf4 Qxd4 11.
Nxd4 O-O-O 12. Nc3 Ne7 13. f3 Ng6 14. Bg3 Bc5 15. Bf2 Ne5 16. b3 Rhe8 17. Kf1 f6 18. Nde2 Ba3 19. Rd2 Be6 20. Rad1 Rxd2 21. Rxd2 g5 22.
Rd1 h5 23. h3 Bd6 24. Nd4 Bd7 25. Nde2 f5 26. Ng3 Bb4 27. Be1 fxe4 28. Ncxe4 Bxe1 29. Rxe1 g4 30. Nf6 Rf8 31. Rxe5 Rxf6 32. Nxh5 Rf8 33. hxg4 Bxg4 34. Ng3 Kd7 35. Rg5 Be6 36. Rg7+ Kc8 37. Ne4 Bf5 38. Ke2 a5 39. g4 Bxe4 40. fxe4 Rh8 41.
Rf7 Rh2+ 42. Rf2 Rh3 43. Rg2 Kd7 44. g5 Ke7 45. g6 Kf8 46. Rf2+ Kg8 47. Rf7 b5 48.
Rxc7 Rc3 49. Kd2 b4 50. g7 Rc5 51. Kd3 Rc3+ 52. Kd2 Rc5 53. e5 Rxe5 54. Rxc6 Kxg7 55. Kd3 Kf7 56. Kd4 Re2 57. Rc5 Ke6 58. Rxa5 Rxc2 59.
Kd3 Rc3+ 60. Kd2 Rh3 61. Rb5 Rh2+ 62. Kd3 Rxa2 63. Rxb4 Kd5 64. Rc4 Ra1 65. Kc3 Rc1+ 66. Kb4 Rxc4+ 67. bxc4+ Kc6 68. c5 Kc7 69. Kb5 Kb7 70.
c6+ Kc7 71. Kc5 Kc8 72. Kb6 Kb8 73. c7+ Kc8 74. Kc6 1/2-1/2

[Event "Early-Titled-Tuesday-Blitz-October-24-2023"]
[Site "Chess.com"]
[Date "2023.10.24"]
[Round "10"]
[White "Matols"]
[Black "cristiano78"]
[Result "1/2-1/2"]
[WhiteElo "2377"]
[BlackElo "2257"]
[TimeControl "180+1"]
[EndTime "9:53:55 PDT"]
[Termination "Game drawn - insufficient material"]

1. d4 Nf6 2. c4 g6 3. g3 Bg7 4. Bg2 O-O 5. Nc3 d6 6. Nf3 Nc6 7. O-O Bf5 8. Nh4 Bd7 9. e4 e5 10. Nf3 exd4 11. Nxd4 Nxe4 12. Nxc6 Nxc3 13. Nxd8 Nxd1 14.
Nxb7 Nxb2 15. Bxb2 Bxb2 16. Rab1 Bd4 17. Na5 Rab8 18.
Nc6 Bxc6 19. Bxc6 Rxb1 20. Rxb1 Bb6 21. Re1 Kg7 22. Kg2 f5 23. Bd5 f4 24. Re7+ Kh6 25. g4 Kg5 26. Kf3 h6 27. Rg7 Kf6 28. Rh7 Kg5 29. Be4 Rf6 30. Rg7 Re6 31. Rf7 Rf6 32. Rxf6 Kxf6 33. Kxf4 Bxf2 34. h3 Bg1 35. Bd5 Bh2+ 36.
Ke4 Kg5 37. Kf3 Kf6 38. Ke4 Kg5 39. Kf3 Bg1 40. Bc6 Kf6 41. Ke4 a5 42. a4 Bc5 43.
Bd5 Kg5 44. Kf3 Kh4 45. Kg2 h5 46. gxh5 Kxh5 47. Kf3 g5 48. Be6 Kg6 49. Ke4 Kf6 50. Bg4 Bf2 51. Kd5 Bb6 52. Kc6 Ke5 53. Kb5 Kd4 54. Be6 Ke5 55. Bf7 Kf5 56. Bg8 g4 57. hxg4+ Kxg4 58. Bf7 Kf5 59. Bg8 Ke5 60. Bf7 Kd4 61.
Bg8 Kc3 62. Bf7 Kd4 63. Bg8 Bc5 64. Bf7 Bb4 65. Bg8 Ke5 66. Bf7 d5 67. Bxd5 Kd6 68.
Bg8 Bc3 69. Bf7 Bb4 70. Bg8 c6+ 71. Kb6 Bc3 72. Kb7 Kc5 73. Kc7 Bb4 74. Kb7 Bc3 75. Bf7 Kb4 76. Kxc6 Kxa4 77. c5 Kb4 78. Kb6 a4 79. c6 Be5 80. c7 Bxc7+ 81. Kxc7 a3 82. Kc6 Kc3 83. Kb5 Kb2 84. Kb4 a2 85. Bxa2 1/2-1/2

[Event "Early-Titled-Tuesday-Blitz-October-24-2023"]
[Site "Chess.com"]
[Date "2023.10.24"]
[Round "10"]
[White "HouseOfDurin"]
[Black "Gyulamiryan-koryun"]
[Result "1-0"]
[WhiteElo "2300"]
[BlackElo "1944"]
[TimeControl "180+1"]
[EndTime "9:53:55 PDT"]
[Termination "HouseOfDurin won by resignation"]

1. d4 Nf6 2. Bg5 e6 3. e4 Be7 4. Bd3 Nc6 5. c3 d5 6. Bxf6 Bxf6 7. e5 Bg5 8. Nd2 Ne7 9. h4 Bh6 10. g4 g6 11. g5 Bg7 12. h5 Nf5 13. h6 Bf8 14. f4 c5 15. Bb5+ Bd7 16. Qa4 a6 17. Bxd7+ Qxd7 18. Qxd7+ Kxd7 19. Ngf3 Ne3 20. Ke2 Ng2 21.
Rhg1 Nxf4+ 22. Ke3 Nh5 23. Raf1 Be7 24. dxc5 Bxc5+ 25. Nd4 Rhf8 26. Rf2 Ke7 27. Nf1 b5 28. Nh2 b4 29. cxb4 Bxd4+ 30. Kxd4 Rac8 31. b3 Rb8 32. a3 a5 33. bxa5 Rxb3 34. Rf3 Rb5 35. Rc1 Rxa5 36. Rc7+ Kd8 37. Rfxf7 Rxf7 38. Rxf7 Ra4+ 39. Kc5 Rxa3 40.
Rxh7 Nf4 41. Ng4 Ra6 42. Nf6 Nd3+ 43. Kd4 Nf4 44. Rd7+ Kc8 45. h7 Ra4+ 46. Kc3 Ne2+ 47. Kd2 Rh4 48. Rg7 Nf4 49. Rg8+ Kb7 50. h8=Q Rxh8 51.
Rxh8 Kc6 52. Rg8 Kc5 53. Ke3 Kc4 54. Kxf4 d4 55. Rxg6 d3 56. Ne4 Kd4 57. Rxe6 d2 58. Rd6+ Kc4 59. Rxd2 1-0

[Event "Early-Titled-Tuesday-Blitz-October-24-2023"]
[Site "Chess.com"]
[Date "2023.10.24"]
[Round "10"]
[White "shimastream"]
[Black "kleinebeer98"]
[Result "0-1"]
[WhiteElo "2971"]
[BlackElo "2864"]
[TimeControl "180+1"]
[EndTime "9:53:56 PDT"]
[Termination "kleinebeer98 won on time"]

1. Nf3 Nf6 2. c4 Nc6 3. Nc3 e6 4. a3 d5 5. d4 Be7 6. Bg5 O-O 7. e3 h6 8. Bf4 a6 9. h3 Bd6 10. Bxd6 Qxd6 11. Rc1 Re8 12. Be2 dxc4 13. Bxc4 b5 14. Ba2 Bb7 15. O-O Rad8 16. Qc2 e5 17. Rfd1 exd4 18.
Nxd4 Nxd4 19. Rxd4 Qc6 20. Nd5 Rxd5 21. Qxc6 Bxc6 22. Rxc6 Rxd4 23. exd4 Re1+ 24. Kh2 Re2 25. Rxc7 Rxb2 26. Bxf7+ Kf8 27. f3 Rd2 28. d5 Nxd5 29. Rd7 Ne3 30. Ra7 Rxg2+ 31. Kh1 Rg3 32. Be6 Rxf3 33.
Rxa6 Ke7 34. Bc8 Nc4 35. a4 b4 36. Be6 Nd2 37. Bg8 b3 38. Rb6 Rf2 39. Kg1 Rf1+ 40.
Kg2 Rb1 41. a5 Ra1 42. a6 Ra3 43. Rb7+ Kf6 44. a7 g5 45. Bxb3 Nxb3 46. Rb6+ Kf5 47. Rb5+ Ke4 48. Rb4+ Nd4 49. Rb7 Nc6 50. Rb6 Nxa7 51. Rxh6 Nb5 52. Rh5 Kf4 53. h4 Ra2+ 54. Kg1 Nd4 55. hxg5 Nf3+ 56. Kf1 Ke3 0-1

[Event "Early-Titled-Tuesday-Blitz-October-24-2023"]
[Site "Chess.com"]
[Date "2023.10.24"]
[Round "10"]
[White "Ducke13"]
[Black "Felix-Rose"]
[Result "1-0"]
[WhiteElo "2452"]
[BlackElo "2316"]
[TimeControl "180+1"]
[EndTime "9:53:56 PDT"]
[Termination "Ducke13 won on time"]

1. d4 d5 2. g3 Nf6 3. Nf3 c6 4. c4 h6 5. Nc3 Bf5 6. cxd5 cxd5 7. Qb3 Nc6 8. Qxb7 Na5 9. Qa6 Rb8 10. e3 Bd7 11. Ne5 e6 12. Nxd7 Nxd7 13. Bb5 Bb4 14.
O-O Rb6 15. Qxa7 Rb7 16. Qa6 Rb6 17. Bxd7+ Kxd7 18. Qe2 Bxc3 19. bxc3 Nc4 20. e4 Re8 21. Qf3 dxe4 22. Qxe4 Ke7 23. a4 Kf8 24. Qh7 f6 25. a5 Ra6 26. Re1 Rxa5 27. Rxa5 Qxa5 28. Qd3 Qa4 29.
h4 Kf7 30. h5 Qc6 31. Qg6+ Kg8 32. Bxh6 Re7 33. Bc1 Qe8 34. Qxe8+ Rxe8 35. f4 Kf7 36.
g4 Rh8 37. Kf2 f5 38. gxf5 exf5 39. Rh1 Nd6 40. Ba3 Ne4+ 41. Kg2 Nxc3 42. Bd6 Ra8 43. Be5 Ra2+ 44. Kg3 Ne4+ 45. Kh4 Rg2 46. d5 Rg4+ 47. Kh3 Rg3+ 48. Kh2 Rg4 49. Ra1 Rh4+ 50. Kg2 Rxh5 51. Ra7+ Ke8 52. Rxg7 Rh8 53. Ra7 Rh5 54. d6 1-0